 Dungeon Crawl Stone Soup: Circus Animals version 1.7-37-g2c94cca (webtiles) character file.

809 DarthKuruptios the Digger (level 8, -6/166 HPs) *STANDARD*
             Began as a Moon Troll Earth Elementalist on Aug 31, 2016.
             Was a Priest of Qazlal.
             Mangled by a blink frog (14 damage)
             ... on level 2 of the Lair of Beasts.
             The game lasted 00:34:13 (6686 turns).

DarthKuruptios the Digger (MTEE)                    Turns: 6686, Time: 00:34:13

Health: -6/166     AC:  5    Str: 18    XL:     8   Next: 28%
Magic:  51/75      EV: 12    Int: 11    God:    Qazlal [***...]
Gold:   393        SH:  4    Dex: 16    Spells: 3 memorised, 10 levels left

rFire  . . .     rPois    .       - Unarmed
rCold  . . .     rElec    .     j - +0 robe {MR+}
rNeg   . . .     rCorr    .     (no shield) MagicSh . . . SeeInvis .
                                (helmet restricted) StaminaSh . . . Faith .
                                e - +0 cloak RegenHP ++++++....
SustAt .                        (gloves unavailable) RegenSP ++++++.... Dismiss .
                                (boots unavailable) RegenMP +++++++... Reflect .
                                h - amulet of stamina regeneration
MR     +....     Harm     .     f - ring of wizardry
Stlth  +.........               a - +3 ring of strength

@: quick, drained, quick, somewhat resistant to hostile enchantments, very
unstealthy
A: unfitting armour, claws 2, fast health regeneration 2, tough skin 2, fast
magic regeneration 3
a: Upheaval, Elemental Force, Renounce Religion


You were on level 2 of the Lair of Beasts.
You worshipped Qazlal.
Qazlal was most pleased with you.
You were not hungry.

You visited 2 branches of the dungeon, and saw 9 of its levels.

You collected 470 gold pieces.
You spent 77 gold pieces at shops.

Inventory:

Missiles
 b - 261 stones
Armour
 c - a +1 robe
 e - a +0 cloak (worn)
 j - a +0 robe of magic resistance (worn)
Jewellery
 a - a +3 ring of strength (left claw)
 d - an uncursed ring of protection from cold
 f - a ring of wizardry (right claw)
 h - an amulet of stamina regeneration (around neck)
 i - an uncursed ring of protection from magic
 k - an uncursed ring of stamina
Wands
 g - a wand of slowing (48/37)
Scrolls
 e - 2 scrolls of fog
 f - a scroll of teleportation
 j - 2 scrolls of identify
 r - a scroll of enchant armour
 t - 2 scrolls of immolation
 x - 2 scrolls of magic mapping
 y - 4 scrolls of blinking
Potions
 b - 3 potions of heal wounds
 c - 8 potions of stamina
 d - 6 potions of magic
 g - 8 potions of curing
 h - 2 potions of flight
 i - a potion of cancellation
 k - a potion of beneficial mutation {unknown}
 l - a potion of mutation {unknown}
 m - a potion of agility {unknown}
 n - 2 potions of might
 o - 2 potions of resistance
 p - 2 potions of brilliance
 q - 2 potions of degeneration
 s - 2 potions of berserk rage
 v - 3 potions of haste
 z - 2 potions of ambrosia
Books
 a - a book of Geomancy

   Spells                             Type                      Level
   a - Sandblast                      Earth                        1
   b - Passwall                       Transmutation/Earth          2
   c - Stone Arrow                    Earth                        2
   d - Petrify                        Transmutation/Earth          4
   e - Lee's Rapid Deconstruction     Transmutation/Earth          5
 u - an Akashic Record

   Spells                             Type                      Level
   a - Dispersal                      Translocation/Air            6
 b - Malign Gateway Summoning/Translocation/Darkne7
 c - Disjunction Translocation/Time 8
 d - Controlled Blink Translocation 8
 w - the Disquisition on the Snowflakes and Lightness
   (You found it on level 5 of the Dungeon)

   Spells                             Type                      Level
   a - Swiftness                      Charms/Air/Time              2
   b - Ozocubu's Armour               Charms/Ice                   3
   c - Freezing Cloud                 Conjuration/Ice/Air          6
   d - Tornado                        Air                          9
 A - Sif Muna's Grimoire of Light
   (You found it on level 6 of the Dungeon)

   Spells                             Type                      Level
   a - Corona                         Hexes/Light                  1
 B - the Handbook of the Entourage and Changing
   (You found it on level 7 of the Dungeon)

   Spells                             Type                      Level
   a - Summon Mana viper              Hexes/Summoning              5
   b - Lee's Rapid Deconstruction     Transmutation/Earth          5


   Skills:
 - Level 3.1(2.5) Dodging
 - Level 1.1(0.5) Stealth
 - Level 3.5(2.9) Unarmed Combat
 + Level 4.2(3.6) Spellcasting
 * Level 2.7(2.1) Transmutations
 + Level 5.6(5.0) Earth Magic


You had 10 spell levels left.
You knew the following spells:

 Your Spells              Type           Power        Failure   Level  Hunger
a - Sandblast             Erth           #.........   4%          1    ##.....
b - Stone Arrow           Erth           #.........   6%          2    ###....
c - Lee's Rapid Deconstr  Tmut/Erth      #.........   42%         5    ####...


Dungeon Overview and Level Annotations

Branches:
Dungeon (7/7)                Lair (2/7) D:7
 Shoals: Lair:2-6     Snake: Lair:2-6     Swamp: Lair:2-6

Altars:
Cheibriados
Kikubaaqudgha
Makhleb
Okawaru
Qazlal
Sif Muna
Trog
Uskayaw
Xom
The Shining One

Shops:
D:5 [


Innate Abilities, Weirdness & Mutations

You are too large for most types of armour.
You have very sharp fingernails.
You heal very quickly.
You have very tough skin. (AC +2)
You regenerate magic extremely rapidly.


Message History

The stone arrow hits the blink frog. (mon hp-18)
The blink frog blinks! x2
You can't see any susceptible monsters within range! (Use Z to cast anyway.) Unknown command.
You can't see any susceptible monsters within range! (Use Z to cast anyway.) Unknown command.
The blink frog blinks! x2
The stone arrow misses the blink frog.
The blink frog blinks!
The stone arrow misses the blink frog.
The blink frog blinks! x2
Unknown command.
The stone arrow hits the blink frog. (mon hp-15)
The blink frog hits you!! (hp-20)
* * * LOW HITPOINT WARNING * * *; The blink frog blinks!
The blink frog hits you! (hp-9)
* * * LOW HITPOINT WARNING * * *; The blink frog hits you! (hp-7)
* * * LOW HITPOINT WARNING * * *
The stone arrow hits the blink frog. (mon hp-19)
You kill the blink frog!
Qazlal accepts your kill. The blink frog hits you! (hp-14)
You die...

## .# ##
.########.##
...........
........#+
#.........
#.†....#
#.F§...#..
#.@.†....§
#.§.F...#..
##.........
P.......##
...........
#P##........
## ##......#
.....##


You could see 2 blink frogs.

Vanquished Creatures
  2 elephants (Lair:1)
  A spiny frog (Lair:1)
  A blink frog (Lair:2)
  2 water moccasins (Lair:1)
  An ice beast (D:7)
  2 phantoms (D:6)
  A porcupine (Lair:2)
  4 sky beasts
  6 ogres
  2 crocodiles (Lair:1)
  2 orc warriors (D:6)
  2 centaurs
  2 giant frogs
  Blork the orc (D:6)
  2 scorpions
  10 wights
  2 howler monkeys
  2 centaur skeletons
  2 crimson imps
  4 hounds
  Crazy Yiuf (D:3)
  4 giant frog skeletons
  3 jellies
  3 orc priests
  5 orc wizards
  3 iguanas
  12 worker ants
  A hound skeleton (D:5)
  A howler monkey zombie (D:5)
  A dart slug (D:3)
  11 giant geckos
  3 gnolls (D:2)
  3 oozes
  33 orcs
  13 adders
  A ball python (D:1)
  10 giant cockroaches
  13 goblins
  8 hobgoblins
  16 jackals
  14 kobolds
  6 quokkas
  4 shadow imps
  5 worms
  An adder skeleton (D:7)
  An adder zombie (D:7)
  10 bats
  2 giant gecko skeletons
  2 giant gecko zombies
  10 giant newts
  A quokka zombie (D:5)
  15 rats
  10 fungi
  2 plants (D:7)
279 creatures vanquished.

Vanquished Creatures (others)
  An orc wizard (D:6)
  17 fungi (D:7)
  A plant (D:7)
19 creatures vanquished.

Grand Total: 298 creatures vanquished

Notes
Turn   | Place    | Note
-------+----------+-------------------------------------------
     0 | D:1      | DarthKuruptios the Moon Troll Earth Elementalist began the quest for the Orb.
     0 | D:1      | Reached XP level 1. HP: 166/166 MP: 75/75
    82 | D:1      | Reached skill level 1 in Stealth
   170 | D:1      | Reached XP level 2. HP: 166/166 MP: 67/75
   594 | D:2      | Reached XP level 3. HP: 166/166 MP: 70/75
   600 | D:1      | Learned a level 2 spell: Stone Arrow
  1344 | D:3      | Gained mutation: You regenerate magic very rapidly. [Moon Troll growth]
  1344 | D:3      | Reached XP level 4. HP: 162/166 MP: 38/75
  1350 | D:3      | Reached skill level 1 in Unarmed Combat
  2480 | D:3      | Found a runed door.
  2484 | D:3      | Noticed Crazy Yiuf
  2489 | D:3      | Killed Crazy Yiuf
  3029 | D:4      | Found a shimmering altar of Xom.
  3620 | D:4      | Reached XP level 5. HP: 166/166 MP: 68/75
  3964 | D:4      | Found an ancient bone altar of Kikubaaqudgha.
  4182 | D:5      | Entered Level 5 of the Dungeon
  4187 | D:5      | Reached skill level 4 in Earth Magic
  4261 | D:5      | Identified the Disquisition on the Snowflakes and Lightness
  4414 | D:5      | Reached XP level 6. HP: 156/166 MP: 68/75
  4430 | D:5      | Found Jiczopp's Armour Shop.
  4444 | D:5      | Bought a +0 robe of magic resistance for 77 gold pieces
  4471 | D:5      | Found a stormy altar of Qazlal.
  4481 | D:5      | Became a worshipper of Qazlal Stormbringer
  4682 | D:5      | Found a snail-covered altar of Cheibriados.
  5128 | D:6      | Reached * piety under Qazlal
  5259 | D:6      | Noticed Blork the orc
  5266 | D:6      | Killed Blork the orc
  5446 | D:6      | Reached XP level 7. HP: 164/166 MP: 54/75
  5482 | D:6      | Found a bloodstained altar of Trog.
  5532 | D:6      | Found a deep blue altar of Sif Muna.
  5555 | D:6      | Identified Sif Muna's Grimoire of Light
  5557 | D:7      | Entered Level 7 of the Dungeon
  5578 | D:7      | Reached skill level 5 in Earth Magic
  5671 | D:7      | Reached ** piety under Qazlal
  5852 | D:7      | Found a glowing golden altar of the Shining One.
  5855 | D:7      | Found an iron altar of Okawaru.
  5862 | D:7      | Found a burning altar of Makhleb.
  5897 | D:7      | Found a hide-covered altar of Uskayaw.
  6045 | D:7      | Identified the Handbook of the Entourage and Changing
  6053 | D:7      | Learned a level 5 spell: Lee's Rapid Deconstruction
  6121 | D:7      | Reached skill level 1 in Transmutations
  6201 | D:7      | Found a staircase to the Lair.
  6428 | Lair:1   | Entered Level 1 of the Lair of Beasts
  6616 | Lair:1   | Noticed a spiny frog
  6622 | Lair:1   | Killed a spiny frog
  6625 | Lair:1   | Noticed an elephant
  6625 | Lair:1   | Reached *** piety under Qazlal
  6628 | Lair:1   | Noticed an elephant
  6628 | Lair:1   | Noticed an elephant
  6631 | Lair:1   | Noticed an elephant
  6632 | Lair:1   | Killed an elephant
  6632 | Lair:1   | Gained mutation: You regenerate magic extremely rapidly. [Moon Troll growth]
  6632 | Lair:1   | Reached XP level 8. HP: 98/166 MP: 7/75
  6669 | Lair:1   | Killed an elephant
  6685 | Lair:2   | HP: 13/166 [blink frog (9)]
  6685 | Lair:2   | HP: 6/166 [blink frog (7)]
  6686 | Lair:2   | Mangled by a blink frog

Skill      XL: |  1  2  3  4  5  6  7 |
---------------+----------------------+-----
Stealth        | 1 |  1.1
Unarmed Combat | 1 2 3 |  3.5
Spellcasting   | 3 4 |  4.2
Earth Magic    | 4 5 |  5.6
Transmutations | 2 |  2.7
Dodging        | |  3.1

Action                   |  1- 3 |  4- 6 |  7- 9 || total
-------------------------+-------+-------+-------++-------
Melee: Unarmed           |     5 |    30 |    18 ||    53
 Cast: Sandblast         |    79 |       |       ||    79
       Stone Arrow       |    53 |   235 |   172 ||   460
  Use: Scroll            |     5 |     6 |    10 ||    21
       Potion            |       |       |     3 ||     3
Armor: Robe              |    68 |    91 |    63 ||   222
Dodge: Dodged            |   120 |   243 |   165 ||   528
Block: Other             |       |       |    34 ||    34
